 Seeded DCSS version 0.29.1-12-g30fa7ad0bf (webtiles) character file.

Game seed: 16739654326058170392 (custom seed)

336 retardedninja the Trooper (level 6, 56/56 HPs)
             Began as a Hill Orc Fighter on Jan 3, 2023.
             Quit the game on level 4 of the Dungeon.
             The game lasted 00:05:02 (4120 turns).

retardedninja the Trooper (Hill Orc Fighter)        Turns: 4120, Time: 00:05:03

Health: 56/56      AC: 10    Str: 21    XL:     6   Next: 54%
Magic:  6/6        EV:  7    Int:  8    God:
Gold:   197        SH:  4    Dex: 10    Spells: 5/5 levels left

rFire   . . .      SeeInvis .   t - +7 Throatcutter {drain, coup de grace}
rCold   . . .      Faith    .   c - +0 buckler
rNeg    . . .      Spirit   .   m - +0 chain mail
rPois   .          Reflect  .   b - +0 helmet
rElec   .          Harm     .   (no cloak)
rCorr   .          Rampage  .   (no gloves)
Will    .....                   (no boots)
Stlth   ..........              (no amulet)
HPRegen 0.18/turn               (no ring)
MPRegen 0.10/turn               (no ring)

@: no status effects
A: no striking features
a: no special abilities


You were on level 4 of the Dungeon.
You visited 1 branch of the dungeon, and saw 4 of its levels.

You collected 197 gold pieces.

Inventory:

Hand Weapons
 a - a +0 war axe
 t - the +7 Throatcutter (weapon) {drain, coup de grace}
   (You found it on level 4 of the Dungeon)

   A truly terrible weapon, it drains the life of any living foe it strikes.
   It may instantly kill foes which have little health.
Armour
 b - a +0 helmet (worn)
 c - a +0 buckler (worn)
 m - a +0 chain mail (worn)
Jewellery
 o - a +6 ring of dexterity
Scrolls
 h - a scroll of magic mapping {unknown}
 i - 3 scrolls of fear {unknown}
 k - 2 scrolls of enchant weapon {unknown}
 l - a scroll of teleportation {unknown}
 n - a scroll of poison {unknown}
 q - a scroll of vulnerability {unknown}
 s - a scroll of immolation {unknown}
Potions
 d - a potion of might
 e - a potion of mutation
 f - 2 potions of haste
 g - a potion of heal wounds
 j - 2 potions of lignification
 p - a potion of brilliance {unknown}
 r - a potion of curing {unknown}


   Skills:
 + Level 5.2 Fighting
 + Level 5.0 Axes
 + Level 4.7 Armour
 + Level 4.8 Shields


You had 5 spell levels left.
You didn't know any spells.
Your spell library was empty.

Dungeon Overview and Level Annotations

Branches:
Dungeon (4/15)
 Temple: D:4-7

Altars:
Elyvilon
Yredelemnul


Message History

No target in view!
No target in view!
No target in view!
No target in view!
No target in view!
You now have 187 gold pieces (gained 12).
An orc comes into view. It is wielding a +0 dagger.
The orc shouts!
The orc moves out of view.
r - a lumpy dark potion An orc is nearby!
An orc is nearby!
Found 10 gold pieces.
You slash the orc!
You kill the orc!
No target in view!
No target in view!
No target in view!
No target in view!
No target in view!
You now have 197 gold pieces (gained 10).
s - a scroll labelled YTSOLAOBRE A goblin comes into view.
It is wielding a +0 dagger.
The goblin shouts!
A goblin is nearby!
A goblin is nearby!
The goblin hits you but does no damage.
You barely miss the goblin.
The goblin hits you but does no damage. x2
You barely miss the goblin. The goblin closely misses you.
You slash the goblin!
You kill the goblin!
No target in view!
No target in view!
No target in view!
No target in view!
You see here the +7 Throatcutter {drain, coup de grace}.
t - the +7 Throatcutter {drain, coup de grace} You sense an unholy aura.
t - the +7 Throatcutter (weapon)
{drain, coup de grace} Are you sure you want to abandon this character and quit the game? (Confirm with "yes".)

##.....## #....#.
...#....####....#.
...#......##......
###....#............
#.... ##...........
#.)# #........##..
#..####........#...
#.....#...........#
#.@##.............#
##.###.......###...
...#.......###)...
#...###.....##.#...
##.###.........##..
### ##.........##.
##....#......
######...... #......


There were no monsters in sight!

Vanquished Creatures
  A scorpion (D:4)
  An orc priest (D:4)
  A hound (D:4)
  3 iguanas
  4 adders
  3 dart slugs
  8 orcs
  8 ball pythons
  3 bats
  11 endoplasms
  5 goblins
  4 hobgoblins
  12 jackals
  5 kobolds
  5 quokkas
  6 frilled lizards
  7 rats
87 creatures vanquished.

Notes
Turn   | Place    | Note
-------+----------+-------------------------------------------
     0 | D:1      | retardedninja the Hill Orc Fighter began the quest for the
                  | Orb.
     0 | D:1      | Reached XP level 1. HP: 19/19 MP: 1/1
    30 | D:1      | Reached XP level 2. HP: 16/27 MP: 2/2
   713 | D:1      | Reached XP level 3. HP: 33/33 MP: 3/3
  1764 | D:2      | Found a faded altar of an unknown god.
  2031 | D:2      | Reached XP level 4. HP: 39/40 MP: 4/4
  2200 | D:2      | Found a white marble altar of Elyvilon.
  2659 | D:3      | Found a basalt altar of Yredelemnul.
  2702 | D:3      | Found a white marble altar of Elyvilon.
  3286 | D:4      | Reached XP level 5. HP: 39/47 MP: 5/5
  3492 | D:4      | Reached skill level 5 in Fighting
  3492 | D:4      | Reached XP level 6. HP: 53/56 MP: 6/6
  3885 | D:4      | Reached skill level 5 in Axes
  4108 | D:4      | Found the +7 Throatcutter {drain, coup de grace}
  4120 | D:4      | Quit the game

Illustrated notes

Levels and vault maps discovered:
D:1:      dpeg_arrival_chambers_temple_mockup, layout_basic, roderic_lattice_a,
          serial_park_tiny_pond, minmay_tetromino_i2
D:2:      layout_basic, hellmonk_ecumenical_altar_prayer_group, basic_altar,
          minmay_misc_feat_iff
D:3:      cheibrodos_old_hovel, layout_rooms,
          mainiacjoe_overflow_small_starburst, mainiacjoe_overflow_catwalk
D:4:      layout_cave_pools

Skill      XL: |  1  2  3  4  5  6 |
---------------+-------------------+-----
Axes           | 3 4 5 |  5.0
Fighting       | 4 5 |  5.2
Shields        | 4 |  4.8
Armour         | 4 |  4.7

Action                   |  1- 3 |  4- 6 || total
-------------------------+-------+-------++-------
Melee: War axe           |   104 |   128 ||   232
  Use: Scroll            |       |     4 ||     4
Armor: Scale mail        |    54 |    17 ||    71
       Chain mail        |       |    76 ||    76
Dodge: Dodged            |    55 |    54 ||   109
Block: Buckler           |    32 |    39 ||    71
